 Dungeon Crawl Stone Soup version 0.27-a0-1154-gfdeffcb720 (webtiles) character file.

Game seed: 17409938119459069495

551 BARCODEGAMER the Covered (level 7, -13/58 HPs)
             Began as a Demonspawn Abyssal Knight on May 14, 2021.
             Was a Believer of Lugonu.
             Mangled by an ogre
             ... wielding a +0 giant spiked club
              (20 damage)
             ... on level 3 of the Dungeon.
             The game lasted 00:18:59 (6494 turns).

BARCODEGAMER the Covered (DsAK)                     Turns: 6494, Time: 00:18:59

Health: -13/58     AC: 15    Str: 14    XL:     7   Next: 7%
Magic:  17/17      EV:  4    Int: 14    God:    Lugonu [**....]
Gold:   105        SH:  0    Dex: 12    Spells: 6/6 levels left

rFire    . . .     SeeInvis .   a - +1 falchion
rCold    . . .     Faith    .   (no shield)
rNeg     . . .     Spirit   .   c - +0 plate armour
rPois    .         Reflect  .   j - +0 helmet
rElec    .         Harm     .   (no cloak)
rCorr    .         Rampage  .   (no gloves)
Will     .....                  (no boots)
Stlth    ..........             (no amulet)
HPRegen  0.19/turn              m - ring of magical power
MPRegen  0.15/turn              n - ring of flight

@: flying
A: rugged brown scales 2, foul stench 1, demonic magic 1
a: Renounce Religion, Depart the Abyss, Bend Space


You were on level 3 of the Dungeon.
You worshipped Lugonu.
Lugonu was pleased with you.
You visited 1 branch of the dungeon, and saw 4 of its levels.
You visited the Abyss 1 time.

You collected 105 gold pieces.

Inventory:

Hand Weapons
 a - a +1 falchion (weapon)
Armour
 c - a +0 plate armour (worn)
 j - a +0 helmet (worn)
Jewellery
 b - a ring of protection from fire
 m - a ring of magical power (left hand)
 n - a ring of flight (right hand)
Scrolls
 d - 4 scrolls of identify {unknown}
 e - 2 scrolls of torment {unknown}
 f - 5 scrolls of vulnerability {unknown}
 g - a scroll of blinking {unknown}
 i - a scroll of enchant armour {unknown}
Potions
 h - 2 potions of curing
 l - a potion of ambrosia {unknown}


   Skills:
 - Level 5.0 Fighting
 - Level 3.0 Long Blades
 + Level 5.4 Armour
 - Level 0.8 Dodging
 - Level 2.4 Invocations


You had 6 spell levels left.
You didn't know any spells.
Your spell library was empty.

Dungeon Overview and Level Annotations

Branches:
Dungeon (4/15)
 Temple: D:4-7

Altars:
Wu Jian

Shops:
D:1 [([


Innate Abilities, Weirdness & Mutations

You are mostly covered in rugged brown scales. (AC +2, +5% HP)
You may rarely emit foul miasma when damaged in melee.
Spells you cast may paralyse adjacent enemies.


Message History

The ogre hits you with a +0 giant spiked club!!
* * * LOW HITPOINT WARNING * * *
Space bends around you!
You blink.
There is an empty arch of ancient stone here.
There is nothing on the other side of the stone arch.
There is a dry fountain here.
Things that are here:
a +0 ring mail; a +0 hunting sling; a +0 dagger
There is an open door here.
You reach down and close the door.
An ogre opens the door.
There is an open door here.
There is a stone staircase leading up here.
You fly upwards.
There is a stone staircase leading down here.
You start resting.
HP restored.
You fly downwards.
The ogre hits you with a +0 giant spiked club.
There is a stone staircase leading up, spattered with blood here.
You slash the ogre!
The ogre is moderately wounded.
The ogre hits you with a +0 giant spiked club.
You hit the ogre.
The ogre is moderately wounded.
The ogre hits you with a +0 giant spiked club!!
You hit the ogre but do no damage.
The ogre is moderately wounded.
The ogre hits you with a +0 giant spiked club!
* * * LOW HITPOINT WARNING * * *
You hit the ogre.
The ogre is heavily wounded.
Your plate armour prevents you from hitting the ogre.
The ogre is heavily wounded.
The ogre hits you with a +0 giant spiked club.
* * * LOW HITPOINT WARNING * * *
Your plate armour prevents you from hitting the ogre.
The ogre is heavily wounded.
The ogre hits you with a +0 giant spiked club!!
You die...

.##.# #.# #.# ....# ##'##
#.#### ....# ##...## #....#
.##### ##.....## #####.#
.....# ##.......## ##.###.#
.#...####.........####...##)#
........'.........'.......#.#
.....####......(..####...##.#
..#..# ##.....)@## ##.###.#
#.#..# ##...[O## ### #.#
.....# ##...## ###.# #.#..#
##'## #...# .....## #.# #.###
#.....# #.# #.# ####..#
##O####### #.#
####..######...##...# #.#
....................# #(#


You could see an ogre.

Vanquished Creatures
  Grinder (D:3)
  Blork the orc (D:3)
  A bullfrog (D:3)
  A hound (D:4)
  An orc priest (D:3)
  5 adders
  4 gnolls
  2 worms
  3 dart slugs
  6 orcs
  2 endoplasms
  7 giant cockroaches
  6 goblins
  6 hobgoblins
  3 jackals (D:1)
  2 quokkas
  4 ball pythons
  7 bats
  2 frilled lizards
  4 kobolds
  10 rats
78 creatures vanquished.

Notes
Turn   | Place    | Note
-------+----------+-------------------------------------------
     0 | Abyss:1  | BARCODEGAMER the Demonspawn Abyssal Knight began the quest
                  | for the Orb.
     0 | Abyss:1  | Reached XP level 1. HP: 18/18 MP: 2/2
     5 | Abyss:1  | Found a corrupted altar of Lugonu.
    61 | D:1      | Escaped the Abyss
   270 | D:1      | Gained mutation: You are partially covered in rugged brown
                  | scales. (AC +1, +3% HP) [demonic ancestry]
   270 | D:1      | Reached XP level 2. HP: 15/24 MP: 3/3
   470 | D:1      | Found Jotiow's Armour Boutique.
   483 | D:1      | Found Abes's Weapon Shoppe.
   520 | D:1      | Reached ** piety under Lugonu
   783 | D:1      | Gained mutation: Spells you cast may paralyse adjacent
                  | enemies. [demonic ancestry]
   783 | D:1      | Reached XP level 3. HP: 30/30 MP: 4/4
   849 | D:1      | Found Faocon's Armour Boutique.
  1504 | D:2      | Found an ornate altar of the Wu Jian Council.
  2159 | D:2      | Reached XP level 4. HP: 38/38 MP: 5/5
  3391 | D:3      | Noticed a bullfrog
  3405 | D:3      | Killed a bullfrog
  3406 | D:3      | Reached skill level 5 in Fighting
  3406 | D:3      | Gained mutation: You are mostly covered in rugged brown
                  | scales. (AC +2, +5% HP) [demonic ancestry]
  3406 | D:3      | Reached XP level 5. HP: 17/46 MP: 6/6
  4679 | D:3      | Found a faded altar of an unknown god.
  5017 | D:4      | Noticed Blork the orc
  5017 | D:4      | Noticed Grinder
  5021 | D:4      | Paralysed by Grinder for 6 turns
  5262 | D:4      | Paralysed by Grinder for 4 turns
  5355 | D:3      | Killed Blork the orc
  5356 | D:3      | Reached XP level 6. HP: 42/53 MP: 7/7
  5526 | D:4      | Paralysed by Grinder for 6 turns
  5722 | D:4      | Paralysed by Grinder for 5 turns
  5966 | D:4      | Paralysed by Grinder for 2 turns
  5976 | D:4      | Paralysed by Grinder for 5 turns
  5988 | D:4      | Paralysed by Grinder for 7 turns
  6005 | D:4      | Paralysed by Grinder for 3 turns
  6016 | D:3      | Paralysed by Grinder for 5 turns
  6025 | D:3      | Killed Grinder
  6026 | D:3      | Reached skill level 5 in Armour
  6026 | D:3      | Gained mutation: You may rarely emit foul miasma when
                  | damaged in melee. [demonic ancestry]
  6026 | D:3      | Reached XP level 7. HP: 22/58 MP: 8/8
  6494 | D:3      | Mangled by an ogre

Illustrated notes

Levels and vault maps discovered:
D:1:      minmay_arrival_hallway, layout_basic, serial_shops, shop, shop,
          nicolae_shop_crystal
D:2:      layout_basic, basic_altar
D:3:      layout_loops_corners, shapermc_ecumenical_altar_venn
D:4:      layout_rooms, trog_ov_bears_minmay, uniq_blork_the_orc, uniq_grinder

Skill      XL: |  1  2  3  4  5  6 |
---------------+-------------------+-----
Long Blades    | 2 3 |  3.0
Fighting       | 4 5 |  5.0
Armour         | 2 4 5 |  5.4
Dodging        | |  0.8
Invocations    | |  2.4

Action                   |  1- 3 |  4- 6 |  7- 9 || total
-------------------------+-------+-------+-------++-------
Melee: Falchion          |   109 |   193 |    18 ||   320
Invok: Bend Space        |       |       |     1 ||     1
  Use: Potion            |       |     2 |       ||     2
 Stab: Sleeping          |     1 |       |       ||     1
Armor: Leather armour    |    34 |    36 |       ||    70
       Plate armour      |       |    64 |    13 ||    77
Dodge: Dodged            |    67 |    79 |     4 ||   150
       Rpst.: Falchion   |    22 |    29 |     1 ||    52

Table legend: (Time is in decaauts)
 A = Elapsed time spent in this place.
 B = Non-inter-level travel time spent in this place.
 C = Inter-level travel time spent in this place.
 D = Time resting spent in this place.
 E = Time spent auto-exploring this place.
 F = Levels seen in this place.
 G = Mean time per level.
                   A        B        C        D        E       F      G
               +--------+--------+--------+--------+--------+-----+--------+
         Total |   6574 |   6435 |    139 |   3367 |    686 |   5 | 1314.8 |
       Dungeon |   6513 |   6374 |    139 |   3367 |    686 |   4 | 1628.2 |
         Abyss |     61 |     61 |      0 |      0 |      0 |   1 |   61.0 |
               +--------+--------+--------+--------+--------+-----+--------+

Top non-repeatable levels by time:
     D:3: 2881 daAuts
     D:2: 2377 daAuts
     D:1: 1055 daAuts
     D:4: 199 daAuts
 Abyss:1: 61 daAuts
